 Dungeon Crawl Stone Soup version 0.30-a0-359-gd0147acb1a (webtiles) character file.

Game seed: 8896797314724824569

47614 LnG the Unseen (level 14, 0/78 HPs)
             Began as a Kobold Summoner on Nov 10, 2022.
             Was a High Priest of Dithmenos.
             Slain by a hell knight
             ... wielding a +0 halberd of flaming
              (16 damage)
             ... in a volcano on Nov 11, 2022.
             The game lasted 01:24:02 (20601 turns).

LnG the Unseen (Kobold Summoner)                   Turns: 20601, Time: 01:24:02

Health: 0/78       AC: 18    Str:  6    XL:     14   Next: 82%
Magic:  18/27      EV: 20    Int: 21    God:    Dithmenos [*****.]
Gold:   1663       SH:  0    Dex: 15    Spells: 17/32 levels left

rFire   . . .      SeeInvis .    H - +6 dagger (vamp)
rCold   . . .      Faith    .    (no shield)
rNeg    . . .      Spirit   .    F - +2 leather armour {rPois}
rPois   +          Reflect  .    C - +1 helmet
rElec   .          Harm     .    I - +1 cloak
rCorr   .          Rampage  .    s - +2 pair of gloves
Will    +....                    f - +1 pair of boots {Fly} Stlth ***+++++++
                                 (no amulet)
HPRegen 0.33/turn                k - +4 ring of protection
MPRegen 0.20/turn                J - +4 ring of slaying

@: flying, wreathed by umbra, invisible
A: small, no large weapons, nightstalker 3
a: Renounce Religion, Shadow Step, Shadow Form


You were in a volcano.
You worshipped Dithmenos.
Dithmenos was extremely pleased with you.
You visited 3 branches of the dungeon, and saw 17 of its levels.
You also visited: Ossuary and Volcano.

You collected 1663 gold pieces.

Inventory:

Hand Weapons
 c - a +1 rapier
 B - a +2 short sword
 H - a +6 vampiric dagger (weapon)
Armour
 a - a +1 robe
 f - a +1 pair of boots of flying (worn)
 s - a +2 pair of gloves (worn)
 C - a +1 helmet (worn)
 F - a +2 leather armour of poison resistance (worn)
 I - a +1 cloak (worn)
Jewellery
 d - a ring of resist corrosion
 e - an amulet of faith
 k - a +4 ring of protection (left hand)
 q - a +4 ring of evasion
 v - a ring of see invisible
 y - an amulet of magic regeneration
 G - a ring of ice
 J - a +4 ring of slaying (right hand)
 N - a ring of fire
 P - a ring of positive energy
Wands
 x - a wand of flame (29)
 A - a wand of acid (11)
 D - a wand of roots (25)
 L - a wand of charming (7)
Scrolls
 g - a scroll of noise
 n - 2 scrolls of vulnerability
 p - 2 scrolls of amnesia
 u - 5 scrolls of teleportation
 E - a scroll of torment
 Q - a scroll of enchant armour
Potions
 b - 3 potions of magic
 h - 5 potions of attraction
 i - 4 potions of degeneration
 j - 6 potions of might
 l - a potion of curing
 m - 2 potions of invisibility
 o - 3 potions of lignification
 r - 4 potions of cancellation
 t - a potion of flight
 w - 2 potions of mutation {unknown}
 z - a potion of brilliance {unknown}
 K - a potion of haste
 M - a potion of ambrosia {unknown}
 R - 2 potions of berserk rage {unknown}
Miscellaneous
 O - a phantom mirror


   Skills:
 + Level 5.1 Fighting
 + Level 9.8 Short Blades
 + Level 3.1 Armour
 * Level 12.7 Dodging
 * Level 18.5 Stealth
 + Level 9.8 Spellcasting
 + Level 4.0 Hexes
 + Level 10.1 Summonings
 + Level 3.1 Air Magic
 + Level 7.1 Invocations


You had 17 spell levels left.
You knew the following spells:

 Your Spells              Type           Power      Damage    Failure   Level
a - Summon Small Mammal   Summ           100%       N/A       1%          1
b - Call Imp              Summ           52%        N/A       1%          2
c - Call Canine Familiar  Summ           52%        N/A       1%          3
d - Summon Guardian Gole  Hex/Summ       40%        N/A       1%          3
e - Summon Lightning Spi  Summ/Air       38%        N/A       6%          4
f - Ensorcelled Hibernat  Hex/Ice        36%        N/A       7%          2

Your spell library contained the following spells:

 Spells                   Type           Power      Damage    Failure   Level
 Magic Dart               Conj           40%        1d5       10%         1
 Animate Armour           Summ/Erth      62%        N/A       12%         4
 Mephitic Cloud           Conj/Pois/Air  14%        N/A       19%         3
 Gell's Gravitas          Tloc           10%        N/A       30%         3
 Lesser Beckoning         Tloc           20%        N/A       30%         3
 Ozocubu's Armour         Ice            10%        N/A       30%         3
 Spider Form              Tmut/Pois      10%        N/A       30%         3
 Stone Arrow              Conj/Erth      20%        3d8       30%         3
 Teleport Other           Tloc           10%        N/A       30%         3
 Anguish                  Hex/Necr       9%         N/A       41%         4
 Ozocubu's Refrigeration  Ice            5%         4d8       100%        7
 Lehudib's Crystal Spear  Conj/Erth      5%         10d3      100%        8


Dungeon Overview and Level Annotations

Branches:
Dungeon (15/15)            Temple (1/1) D:5            Lair (1/5) D:8
    Orc (0/2) D:10         Vaults (0/5) D:13         Depths (0/4) D:15
Ossuary (visited)         Volcano (1/1)

Altars:
Dithmenos
Fedhas
Nemelex Xobeh
Qazlal
Sif Muna
Vehumet

Annotations:
D:10 3 runed translucent doors
D:14 Nessos


Innate Abilities, Weirdness & Mutations

You are small and have problems with some larger weapons.
You are completely attuned to the shadows.


Message History

Something hits your lightning spire.
You barely miss the molten gargoyle.
The molten gargoyle is severely damaged.
Your shadow hits the molten gargoyle but does no damage.
Unknown command.
You hit the molten gargoyle but do no damage.
The molten gargoyle is severely damaged.
Your shadow hits the molten gargoyle but does no damage.
Something hits your lightning spire!
Your warg closely misses the molten gargoyle.
The molten gargoyle misses you.
You hit the molten gargoyle but do no damage.
The molten gargoyle is severely damaged.
Something hits your lightning spire!!
Your lightning spire is destroyed!
Your lightning spire disappears in a puff of smoke!
Your warg closely misses the molten gargoyle.
You puncture the molten gargoyle!
You destroy the molten gargoyle!
Dithmenos accepts your kill.
Casting: Call Canine Familiar (safe; 1% risk of failure)
Confirm with . or Enter, or press ? or * to list all spells.
An electric hum fills the air.
Your warg bites the hell knight but does no damage.
The hell knight hits you from afar with a +0 halberd of flaming!!
* * * LOW HITPOINT WARNING * * *
The hell knight burns you.
* * * LOW HITPOINT WARNING * * *
Your warg bites the hell knight!
Something hits your warg. Something burns your warg.
Your warg bites the hell knight.
The hell knight hits you from afar with a +0 halberd of flaming.
* * * LOW HITPOINT WARNING * * *
The hell knight burns you.
* * * LOW HITPOINT WARNING * * *
You fade into invisibility!
The hell knight misses you.
Your warg barely misses the hell knight.
The hell knight hits you from afar with a +0 halberd of flaming!
You die...

##... #.#
##'## ##.).##
#.....#
#..∩..# [$)#
#.....# $!$.
###'### )8?.
###...###p..#
+..).).@h)..#
###8_8#######
#...# #####


You could see a hell knight (fast, unable to see you, ally target), a friendly
warg (summoned) and a friendly lightning spire (summoned).

Vanquished Creatures
  A rakshasa (D:15)
  Erolcha (D:12)
  7 two-headed ogres
  2 boulder beetles (D:15)
  2 tengu warriors (D:15)
  2 death yaks (D:8)
  A necromancer (D:15)
  A wizard (D:14)
  5 deep elf pyromancers
  A wolf spider zombie (D:15)
  A deep elf zephyrmancer (D:15)
  3 ugly things (D:15)
  2 manticores (D:13)
  4 cyclopes
  2 orc sorcerers (D:15)
  A molten gargoyle (Volcano)
  A cane toad (Lair:1)
  2 gargoyles
  2 efreet
  A tengu conjurer (D:14)
  An unseen horror (D:13)
  A troll (D:13)
  8 blink frogs (Lair:1)
  A centaur simulacrum (D:15)
  2 wyverns
  3 fire bats (Volcano)
  4 yaks
  2 steam dragons (D:7)
  3 acid dragons
  3 water moccasins
  A nameless horror (D:7)
  2 orc warriors
  A black bear (D:6)
  3 ice beasts
  4 ogres
  8 centaurs
  A lemure (D:7)
  2 phantoms
  3 kobold brigands
  4 bullfrogs (D:8)
  11 scorpions
  A necrophage (D:5)
  11 wights
  Dowan (D:7)
  10 killer bees
  6 howler monkeys
  5 lava snakes (Volcano)
  4 centaur zombies
  3 hounds
  A jelly (D:6)
  2 orc priests (D:11)
  5 scorpion zombies (Ossuary)
  An iguana (D:6)
  12 orc wizards
  3 mummies
  3 gnolls
  3 adders
  A shadow imp (D:8)
  A white imp (D:6)
  An ufetubus (D:5)
  4 dart slugs
  17 orcs
  8 endoplasms
  4 giant cockroaches
  A gnoll zombie (Ossuary)
  6 goblins
  7 hobgoblins
  4 jackals (D:1)
  3 quokkas
  6 ball pythons
  A bat (D:3)
  3 frilled lizards
  17 kobolds
  An orc zombie (Ossuary)
  A rat (D:2)
267 creatures vanquished.

Vanquished Creatures (collateral kills)
  Fannar (D:11)
  2 ogre magi
  3 two-headed ogres (D:15)
  A boulder beetle (D:13)
  Lodul (D:14)
  A manticore (D:15)
  A cyclops (D:11)
  Maurice (D:11)
  An efreet (D:15)
  A wind drake (shapeshifter) (D:15)
  A yak (D:12)
  A wraith (D:13)
  A fire bat (Volcano)
  A wyvern (D:9)
  2 vampire mosquitoes (D:13)
  Edmund (D:6)
  A water moccasin (D:6)
  An orc warrior (D:9)
  3 ogres
  A centaur (D:8)
  A kobold brigand (D:8)
  A scorpion (D:6)
  A wight (D:6)
  A howler monkey (D:8)
  A centaur zombie (Ossuary)
  An orc priest (D:4)
  Jessica (D:2)
  An iguana (D:3)
  2 orc wizards
  A mummy (Ossuary)
  A gnoll (D:1)
  An adder (D:4)
  2 shadow imps (D:7)
  A white imp (D:6)
  3 worms
  12 orcs
  An endoplasm (D:1)
  A giant cockroach (D:1)
  A goblin (D:1)
  2 hobgoblins
  5 kobolds
  A quokka (D:2)
  4 ball pythons (D:1)
  A bat (D:1)
  A rat (D:2)
74 creatures vanquished.

Vanquished Creatures (others)
  8 vault guards (D:13)
  5 death yaks (D:8)
  2 skeletal warriors (D:14)
  Pikel (D:7)
  A cyclops (D:13)
  Joseph (D:7)
  3 yaks (D:8)
  A steam dragon (D:8)
  2 vampire mosquitoes (D:13)
  An acid dragon (D:8)
  Duvessa (D:7)
  An orc warrior (D:7)
  3 ogres (D:14)
  3 scorpions
  An orc wizard (D:8)
  A fungus (Lair:1)
  A plant (D:5)
36 creatures vanquished.

Grand Total: 377 creatures vanquished

Notes
Turn   | Place    | Note
-------+----------+-------------------------------------------
     0 | D:1      | LnG the Kobold Summoner began the quest for the Orb.
     0 | D:1      | Reached XP level 1. HP: 10/10 MP: 3/3
   160 | D:1      | Reached XP level 2. HP: 2/15 MP: 1/5
   247 | D:1      | Reached skill level 3 in Stealth
   267 | D:1      | Found a faded altar of an unknown god.
   332 | D:1      | Reached XP level 3. HP: 7/19 MP: 4/6
   335 | D:1      | Learned a level 2 spell: Call Imp
   339 | D:1      | Learned a level 3 spell: Call Canine Familiar
  1265 | D:2      | Found a blossoming altar of Fedhas.
  1277 | D:2      | Noticed Jessica
  1281 | D:2      | Killed Jessica
  1282 | D:2      | Reached XP level 4. HP: 17/24 MP: 3/8
  1286 | D:2      | Learned a level 3 spell: Summon Guardian Golem
  1496 | D:2      | Reached skill level 4 in Stealth
  2373 | D:3      | Reached XP level 5. HP: 28/28 MP: 7/9
  3711 | D:4      | Reached skill level 1 in Short Blades
  3711 | D:4      | Reached skill level 5 in Stealth
  3738 | D:4      | Reached XP level 6. HP: 30/33 MP: 7/10
  3955 | D:4      | Reached skill level 6 in Stealth
  4002 | D:4      | Reached skill level 1 in Fighting
  4599 | D:5      | Entered Level 5 of the Dungeon
  4624 | D:4      | Reached XP level 7. HP: 26/38 MP: 7/12
  4910 | D:5      | Reached skill level 7 in Stealth
  5207 | D:5      | Found a shadowy altar of Dithmenos.
  5213 | D:5      | Became a worshipper of Dithmenos the Shadowed
  5651 | D:5      | Found a staircase to the Ecumenical Temple.
  5657 | Temple   | Entered the Ecumenical Temple
  5887 | D:6      | Reached skill level 1 in Invocations
  5887 | D:6      | Reached XP level 8. HP: 21/43 MP: 9/13
  5892 | D:6      | Learned a level 4 spell: Summon Lightning Spire
  6022 | D:6      | Noticed Edmund
  6037 | D:6      | Killed Edmund
  6038 | D:6      | Reached skill level 5 in Summonings
  6083 | D:6      | Reached skill level 5 in Dodging
  6083 | D:6      | Reached skill level 8 in Stealth
  6304 | D:6      | Reached skill level 9 in Stealth
  6345 | D:6      | Found a sand-covered staircase.
  6351 | Ossuary  | Entered an ossuary
  6459 | Ossuary  | Reached XP level 9. HP: 48/48 MP: 15/15
  6702 | Ossuary  | Reached * piety under Dithmenos
  6741 | Ossuary  | Reached skill level 5 in Short Blades
  6825 | Ossuary  | Reached skill level 10 in Stealth
  7594 | D:7      | Noticed Joseph
  7625 | D:7      | Killed Joseph
  7626 | D:7      | Reached XP level 10. HP: 44/54 MP: 3/17
  7872 | D:7      | Reached skill level 1 in Hexes
  8106 | D:7      | Reached skill level 11 in Stealth
  8106 | D:7      | Reached skill level 5 in Spellcasting
  8371 | D:7      | Reached skill level 5 in Invocations
  8592 | D:7      | Found a shimmering blue altar of Sif Muna.
  8623 | D:7      | Noticed Dowan
  8624 | D:7      | Noticed Duvessa
  8627 | D:7      | Killed Dowan
  8627 | D:7      | Reached ** piety under Dithmenos
  8644 | D:7      | Killed Duvessa
  8731 | D:7      | Noticed a two-headed ogre
  8732 | D:7      | Found a blossoming altar of Fedhas.
  8734 | D:7      | Noticed Pikel
  8735 | D:7      | Killed a two-headed ogre
  8784 | D:7      | Found a radiant altar of Vehumet.
  9003 | D:7      | Killed Pikel
  9340 | D:7      | Found a sparkling altar of Nemelex Xobeh.
  9560 | D:8      | Reached XP level 11. HP: 22/60 MP: 9/19
  9748 | D:8      | Noticed a death yak
  9748 | D:8      | Noticed a death yak
  9748 | D:8      | Noticed a death yak
  9749 | D:8      | Noticed a death yak
  9749 | D:8      | Noticed a death yak
  9750 | D:8      | Noticed a death yak
 10087 | D:9      | Noticed a two-headed ogre
 10309 | D:8      | Reached skill level 12 in Stealth
 10417 | D:8      | Noticed a death yak
 10602 | D:9      | Upgraded the game from 0.30-a0-358-g0d69a1922f to
                  | 0.30-a0-359-gd0147acb1a
 10692 | D:9      | Reached *** piety under Dithmenos
 10887 | D:9      | Found a stormy altar of Qazlal.
 11085 | D:9      | Killed a two-headed ogre
 11291 | D:10     | Entered Level 10 of the Dungeon
 11701 | D:10     | Found a runed translucent gate.
 11701 | D:10     | Found a runed translucent gate.
 11701 | D:10     | Found a runed translucent gate.
 12138 | D:10     | Found a staircase to the Orcish Mines.
 12698 | D:11     | Identified a scroll of acquirement
 12699 | D:11     | Acquired a +1 pair of boots of flying
 13002 | D:11     | Reached skill level 13 in Stealth
 13132 | D:11     | Noticed Fannar
 13134 | D:11     | Noticed Maurice
 13147 | D:11     | Killed Fannar
 13148 | D:11     | Reached skill level 1 in Air Magic
 13159 | D:11     | Killed Maurice
 13607 | D:12     | Noticed a cyclops
 13681 | D:11     | Killed a cyclops
 13711 | D:11     | Reached XP level 12. HP: 62/66 MP: 22/22
 13804 | D:12     | Noticed Erolcha
 13808 | D:12     | Killed Erolcha
 14502 | D:13     | Reached skill level 1 in Armour
 14502 | D:13     | Reached skill level 14 in Stealth
 14505 | D:13     | Learned a level 2 spell: Ensorcelled Hibernation
 14588 | D:13     | Noticed a vault guard
 14588 | D:13     | Noticed a vault guard
 14588 | D:13     | Noticed a vault guard
 14589 | D:13     | Found a gate to the Vaults.
 14589 | D:13     | Noticed a vault guard
 14589 | D:13     | Noticed a vault guard
 14590 | D:13     | Noticed a vault guard
 14590 | D:13     | Noticed a vault guard
 14590 | D:13     | Noticed a vault guard
 14905 | D:13     | Found a radiant altar of Vehumet.
 14939 | D:13     | Killed a vault guard
 14939 | D:13     | Reached **** piety under Dithmenos
 14940 | D:13     | Reached skill level 15 in Stealth
 15041 | D:13     | Noticed a boulder beetle
 15077 | D:13     | Killed a boulder beetle
 15237 | D:13     | Killed a vault guard
 15238 | D:13     | Reached skill level 10 in Dodging
 15449 | D:13     | Killed a vault guard
 15545 | D:13     | Killed a vault guard
 15703 | D:13     | Killed a vault guard
 15719 | D:13     | Killed a vault guard
 15730 | D:13     | Reached XP level 13. HP: 56/70 MP: 6/24
 15730 | D:13     | Killed a vault guard
 16168 | D:13     | Killed a vault guard
 16320 | D:14     | Noticed Lodul
 16333 | D:14     | Killed Lodul
 16341 | D:14     | Reached skill level 16 in Stealth
 16519 | D:14     | Noticed Nessos
 17203 | D:15     | Entered Level 15 of the Dungeon
 17322 | D:15     | Noticed an ogre mage
 17566 | D:15     | Killed an ogre mage
 17574 | D:15     | Reached skill level 17 in Stealth
 17964 | D:15     | Reached XP level 14. HP: 71/76 MP: 22/27
 18677 | D:15     | Found a staircase to the Depths.
 19191 | D:8      | Reached ***** piety under Dithmenos
 19241 | D:8      | Reached skill level 18 in Stealth
 19264 | D:8      | Reached skill level 10 in Summonings
 19346 | D:8      | Found a staircase to the Lair.
 19907 | D:8      | Reached skill level 5 in Fighting
 20140 | Lair:1   | Entered Level 1 of the Lair of Beasts
 20356 | Lair:1   | Found a dark tunnel.
 20361 | Volcano  | Entered a volcano
 20513 | Volcano  | Found a burning altar of Makhleb.
 20531 | Volcano  | Paralysed by something for 3 turns
 20601 | Volcano  | Slain by a hell knight

Illustrated notes

Levels and vault maps discovered:
D:1:      saegor_arrival_simple_e, layout_basic, ebering_ecumenical_altar_ruins,
          serial_bayou_lagoon_a, grunt_decor_cap, minmay_tripent
D:2:      layout_basic, basic_altar, uniq_jessica
D:3:      layout_basic
D:4:      layout_gridville, dreamdust_princess_corridor
D:5:      layout_loops_ring, mainiacjoe_overflow_boulevard,
          lemuel_temple_firewalk_a
D:6:      layout_cave_pools, gup_ossuary_entry_pyramid,
          kennysheep_generic_room_13, uniq_edmund
D:7:      layout_loops_corners, grunt_temple_overflow_open,
          corexii_leaking_fountain, kennysheep_nondescript, uniq_joseph,
          uniq_duvessa, uniq_pikel
D:8:      minmay_polygon_palace, layout_loops_ring, dpeg_lair_monsters
D:9:      layout_cave_pools, nicolae_qazlal_scattered_showers
D:10:     layout_loops_ring, orc_0_dummy, gammafunk_ghost_icy
D:11:     layout_loops_ring, minmay_misc_feat_hallway, uniq_fannar, uniq_maurice
D:12:     layout_layer_cave, minivault_4, minivault_16, uniq_erolcha
D:13:     layout_basic, erik_vaults_2, grunt_ministairs_5,
          nicolae_vehumet_altar_sigil
D:14:     layout_gridville, gauntlet_entry_generic, ebering_ghost_funeral_grove,
          chequers_serial_rivers_small_a, uniq_azrael, uniq_lodul, uniq_nessos
D:15:     grunt_enter_depths_magical_seal, layout_loops_ring,
          serial_bayou_pond_d, grunt_decor_clamped
Temple:   lightli_temple_of_artemis
Lair:1:   layout_cave_pods, enter_volcano_4, dreamdust_mushroom_princess
Volcano:  volcano_grotto [vgs_original]

Skill      XL: |  1  2  3  4  5  6  7  8  9 10 11 12 13 14 |
---------------+-------------------------------------------+-----
Stealth        | 3 4 5 6 7 9 10 11 13 15 17 18 | 18.5
Dodging        | 3 4 5 6 7 9 10 11 12 | 12.7
Spellcasting   | 3 4 5 6 7 9 |  9.8
Short Blades   | 1 2 3 4 6 7 8 9 |  9.8
Fighting       | 1 2 3 4 5 |  5.1
Invocations    | 1 2 4 6 7 |  7.1
Summonings     | 5 6 7 8 9 10 | 10.1
Hexes          | 1 2 3 4 |  4.0
Air Magic      | 1 2 3 |  3.1
Armour         | 2 3 |  3.1

Action                   |  1- 3 |  4- 6 |  7- 9 | 10-12 | 13-15 || total
-------------------------+-------+-------+-------+-------+-------++-------
Melee: Unarmed           |    12 |       |       |       |       ||    12
       Short sword       |    67 |   153 |       |       |       ||   220
       Punch             |       |     5 |     4 |     4 |     2 ||    15
       Rapier            |       |    13 |   261 |   400 |       ||   674
       Dagger            |       |       |       |    54 |   382 ||   436
 Cast: Summon Small Mamm |    13 |     1 |       |       |       ||    14
       Call Canine Famil |     4 |     7 |    16 |    40 |    23 ||    90
       Call Imp          |       |     1 |     8 |    10 |     3 ||    22
       Summon Guardian G |       |     2 |     3 |    32 |    24 ||    61
       Summon Lightning  |       |       |       |    15 |    21 ||    36
Evoke: Phantom mirror    |       |       |       |       |     1 ||     1
  Use: Scroll            |       |    11 |     8 |    11 |     9 ||    39
       Potion            |       |       |       |     5 |     4 ||     9
 Stab: Sleeping          |    11 |    18 |    23 |    46 |    35 ||   133
       Distracted        |       |     2 |     3 |     7 |     3 ||    15
Armor: Robe              |    11 |    26 |    77 |    75 |       ||   189
       Leather armour    |       |       |       |    16 |    83 ||    99
Dodge: Dodged            |    63 |   116 |   235 |   458 |   229 ||  1101

Table legend: (Time is in decaauts)
 A = Elapsed time spent in this place.
 B = Non-inter-level travel time spent in this place.
 C = Inter-level travel time spent in this place.
 D = Time resting spent in this place.
 E = Time spent auto-exploring this place.
 F = Levels seen in this place.
 G = Mean time per level.
                   A        B        C        D        E       F      G
               +--------+--------+--------+--------+--------+-----+--------+
         Total |  20321 |  19376 |    945 |   3484 |  10913 |  19 | 1069.5 |
       Dungeon |  19232 |  18296 |    936 |   3227 |  10744 |  15 | 1282.1 |
        Temple |      1 |      1 |      0 |      0 |      0 |   1 |    1.0 |
          Lair |    208 |    199 |      9 |      0 |    109 |   1 |  208.0 |
       Ossuary |    666 |    666 |      0 |    216 |     60 |   1 |  666.0 |
       Volcano |    213 |    213 |      0 |     41 |      0 |   1 |  213.0 |
               +--------+--------+--------+--------+--------+-----+--------+

Top non-repeatable levels by time:
     D:7: 2119 daAuts
    D:13: 1983 daAuts
    D:15: 1668 daAuts
     D:8: 1662 daAuts
     D:3: 1326 daAuts
    D:11: 1252 daAuts
     D:2: 1236 daAuts
     D:1: 1135 daAuts
     D:6: 1117 daAuts
     D:4: 1099 daAuts
    D:12: 1079 daAuts
    D:10: 1039 daAuts
     D:5: 960 daAuts
     D:9: 934 daAuts
 Ossuary: 666 daAuts
